[Event "*** Titled Tuesday Blitz"]
[Site "Chess.com"]
[Date "2019.06.04"]
[Round "2"]
[White "Yurovskykh_Oleksandr"]
[Black "soolking67"]
[Result "0-1"]
[WhiteElo "2523"]
[BlackElo "2539"]
[TimeControl "180+2"]
[EndTime "13:24:22 PDT"]
[Termination "soolking67 won by resignation"]

1. d4 Nf6 2. Nf3 e6 3. Bf4 c5 4. e3 Nc6 5. c3 d5 6. Nbd2 Bd6 7. Bg3 O-O 8. Bb5 cxd4 9. exd4 Ne4 10. Bxd6 Nxd6 11.
Bd3 f6 12. O-O e5 13. Be2 e4 14. Ne1 f5 15. f4 Be6 16. Nc2 a5 17. Ne3 Ne7 18.
a4 g5 19. g3 h6 20. Qb3 Kh7 21. Rf2 gxf4 22. gxf4 Rg8+ 23. Kh1 Ng6 24. Bh5 Nxf4 25.
Rxf4 Qg5 26. Raf1 Qxh5 27. Qd1 Qg6 28. Rg1 Qf6 29. Qf1 Rg5 30. h4 Rxg1+ 31. Qxg1 Rg8 32. Qh2 Nc8 33. Ndf1 Ne7 34. Rf2 Bf7 35. Ng2 Bh5 36. Qf4 Ng6 37. Qh2 Bf3 38. Ne3 Nxh4 39. Nxd5 Qg5 40. Qe5 Bxg2+ 41. Kh2 Nf3+ 42. Rxf3 Qh5+ 43. Kg1 Bxf3+ 44. Kf2 Rg2+ 0-1

[Event "*** Titled Tuesday Blitz"]
[Site "Chess.com"]
[Date "2019.06.04"]
[Round "2"]
[White "Andrjywa"]
[Black "TheRigos"]
[Result "1-0"]
[WhiteElo "2509"]
[BlackElo "2407"]
[TimeControl "180+2"]
[EndTime "13:24:23 PDT"]
[Termination "Andrjywa won by resignation"]

1. e4 c5 2. Nf3 d6 3. d4 cxd4 4. Nxd4 Nf6 5. Nc3 a6 6. Be2 e5 7. Nf3 Be7 8. O-O O-O 9. Bg5 Be6 10. Bxf6 Bxf6 11. Nd5 Bxd5 12. Qxd5 Qc7 13. c3 Nd7 14. Rfd1 Be7 15. Qc4 Qb8 16. Ne1 b5 17. Qd5 Nf6 18.
Qd3 b4 19. c4 Qc7 20. Nc2 a5 21. Ne3 Rac8 22. Nf5 Rfd8 23. b3 g6 24. Nh6+ Kg7 25. Ng4 Ng8 26. Rac1 Qc5 27. Qg3 h5 28. Ne3 Nf6 29.
Nf5+ Kf8 30. Nxe7 Kxe7 31. Qg5 Ke6 32. Bf3 Qc7 33. Rd5 Qe7 34. Rxa5 Ra8 35. Rxa8 Rxa8 36. Rc2 Nd7 37. Qd2 Rb8 38. Qd5+ Kf6 39. Rd2 Rb6 40. Qa5 Qe6 41. Be2 Qe7 42. h3 Ke6 43. c5 dxc5 44. Rxd7 Qxd7 45. Qxb6+ Qd6 46. Qxd6+ 1-0

[Event "*** Titled Tuesday Blitz"]
[Site "Chess.com"]
[Date "2019.06.04"]
[Round "2"]
[White "Yeritsyan_Aram"]
[Black "Benjoneliere44"]
[Result "1-0"]
[WhiteElo "2432"]
[BlackElo "2476"]
[TimeControl "180+2"]
[EndTime "13:24:23 PDT"]
[Termination "Yeritsyan_Aram won by resignation"]

1. e4 c5 2. Nf3 d6 3. d4 cxd4 4. Nxd4 Nf6 5. Nc3 g6 6. Be3 Bg7 7. f3 O-O 8. Qd2 Nc6 9. O-O-O d5 10. Qe1 e5 11. Nxc6 bxc6 12. exd5 Nxd5 13. Bc4 Be6 14. Kb1 Rb8 15. Ne4 f5 16. Ng5 Bc8 17. Bxa7 Rb7 18.
Bc5 Qxg5 19. Rxd5 cxd5 20. Bxd5+ Rbf7 21. Bxf8 Kxf8 22. Bxf7 Kxf7 23. Qe2 Qe7 24. Rd1 Be6 25. a4 g5 26. a5 Qb4 27. Qd2 Qb5 28. Qd8 e4 29.
Qc7+ Kg6 30. Qb6 Qc4 31. fxe4 Qa2+ 32. Kc1 fxe4 33. Rd6 Kf7 34. a6 Qa1+ 35. Kd2 Bxb2 36. Qc7+ Kf6 37. a7 Qc1+ 38. Ke2 Qg1 39. Rxe6+ Kxe6 40. Qc4+ Kf5 41. Qd5+ Be5 42. Qf7+ Kg4 43. a8=Q Qxg2+ 44. Qf2 Qf3+ 45. Qxf3+ exf3+ 46. Qxf3+ 1-0

[Event "*** Titled Tuesday Blitz"]
[Site "Chess.com"]
[Date "2019.06.04"]
[Round "2"]
[White "chessmattersX"]
[Black "champ2005"]
[Result "1/2-1/2"]
[WhiteElo "2464"]
[BlackElo "2824"]
[TimeControl "180+2"]
[EndTime "13:24:25 PDT"]
[Termination "Game drawn by repetition"]

1. d4 Nf6 2. c4 g6 3. g3 Bg7 4.
Bg2 O-O 5. Nc3 c5 6. d5 d6 7. Nf3 e6 8. O-O exd5 9. cxd5 Re8 10. Nd2 b6 11. a4 Na6 12. Nc4 Nh5 13. e4 Nb4 14.
Nb5 Bf8 15. Bd2 a6 16. Nba3 Bg7 17. Bc3 Nf6 18. Re1 Bd7 19. Nxd6 Rf8 20. Ndc4 b5 21. e5 bxc4 22. exf6 Bxf6 23. Nxc4 Bf5 24. Bxb4 cxb4 25. Rc1 Rc8 26. a5 Bg5 27. f4 Bf6 28. b3 Bc3 29.
Rf1 h5 30. Nb6 Rc5 31. Nc4 Bd7 32. Be4 Bb5 33. Qd3 Qf6 34. d6 Bxc4 35. bxc4 Qd4+ 36. Qxd4 Bxd4+ 37. Kg2 Rd8 38. Rfd1 Rxd6 39. Bd5 Be3 40. Rb1 Rxa5 41. Bxf7+ Kxf7 42. Rxd6 Bc5 43. Rd5 Ra2+ 44. Kh3 Be7 45. c5 a5 46. c6 Rc2 47. Rxa5 Rxc6 48.
Ra7 Kf6 49. Rxe7 Kxe7 50. Rxb4 Kf6 51. Rb5 Ra6 52. Kh4 Rc6 53. h3 Ra6 54. g4 hxg4 55. hxg4 Rc6 56. g5+ Kg7 57. Rb7+ Kf8 58. Kg4 Rc3 59.
Rb6 Kg7 60. Rb7+ Kf8 61. Rb8+ Kg7 62. Rb7+ Kf8 1/2-1/2

[Event "*** Titled Tuesday Blitz"]
[Site "Chess.com"]
[Date "2019.06.04"]
[Round "2"]
[White "marianokar"]
[Black "Vamostodorecto"]
[Result "1-0"]
[WhiteElo "2438"]
[BlackElo "2430"]
[TimeControl "180+2"]
[EndTime "13:24:27 PDT"]
[Termination "marianokar won by resignation"]

1. d4 Nf6 2. Nf3 g6 3. c4 Bg7 4. g3 d5 5. cxd5 Nxd5 6. Bg2 O-O 7. O-O Nb6 8. Nc3 Nc6 9. e3 a5 10. Qe2 Bg4 11. h3 Be6 12. Rd1 Qc8 13. Kh2 Rd8 14.
Nd2 Nb4 15. Nde4 Bc4 16. Qf3 e5 17. Nf6+ Kh8 18. dxe5 Rxd1 19. Nxd1 c6 20. b3 Be6 21.
Bb2 a4 22. bxa4 Nxa4 23. Bd4 Rb8 24. Nc3 Nxc3 25. Bxc3 Nxa2 26. Bd4 c5 27. Bb2 Nb4 28.
Ne4 Nd3 29. Bc3 Nxe5 30. Qf4 Nd7 31. Bxg7+ Kxg7 32. Ng5 Nf8 33. Rc1 b6 34. Qe5+ f6 35. Nxe6+ Nxe6 36. Qd6 Ng5 37. Qe7+ Nf7 38. Bd5 Qf8 39.
Qa7 Rd8 40. e4 Rd6 41. Qc7 h5 42. Bxf7 Rd2 43. Bd5+ Kh6 44. Qf4+ g5 45. Qxd2 1-0

[Event "*** Titled Tuesday Blitz"]
[Site "Chess.com"]
[Date "2019.06.04"]
[Round "2"]
[White "NemtsevIgor"]
[Black "matiss90"]
[Result "0-1"]
[WhiteElo "2272"]
[BlackElo "2445"]
[TimeControl "180+2"]
[EndTime "13:24:27 PDT"]
[Termination "matiss90 won by checkmate"]

1. c3 Nf6 2. Qa4 g6 3. d3 Bg7 4. h3 O-O 5. g4 d5 6. Bg2 c5 7.
Nd2 Nc6 8. Nf1 d4 9. c4 e5 10.
Ng3 Bd7 11. g5 Ne8 12. h4 Nd6 13. h5 Re8 14. Ne4 Nxe4 15. Bxe4 Nb4 16. Qd1 Bc6 17. f3 Bxe4 18. fxe4 Na6 19. Nf3 Nc7 20. Kf2 Ne6 21. Qf1 Nf4 22. Bxf4 exf4 23. Qh3 Kf8 24. hxg6 hxg6 25. Qh7 a6 26. Rh4 Qc7 27. Rg1 b5 28. b3 bxc4 29. bxc4 Rab8 30. Rgg4 Rb2 31. Rxf4 Re6 32. e5 Rxa2 33. Rf6 Rxe5 34. Nxe5 Qxe5 35. Re4 Qxg5 36. Rc6 Qf5+ 37. Kg2 Ra1 38. Re8+ Kxe8 39.
Qg8+ Bf8 40. Rc8+ Qxc8 41. Qh7 Qg4+ 42. Kf2 Qf4+ 43. Kg2 Qg5+ 44. Kf2 Qe3+ 45. Kg2 Rg1+ 46. Kh2 Qg3# 0-1

[Event "*** Titled Tuesday Blitz"]
[Site "Chess.com"]
[Date "2019.06.04"]
[Round "2"]
[White "Michael_Scofield01"]
[Black "Swarnapuri"]
[Result "1/2-1/2"]
[WhiteElo "2726"]
[BlackElo "2707"]
[TimeControl "180+2"]
[EndTime "13:24:30 PDT"]
[Termination "Game drawn by repetition"]

1. e4 Nc6 2. Nc3 e6 3. d4 Bb4 4.
Nf3 d6 5. Bd3 e5 6. dxe5 dxe5 7.
O-O Nf6 8. h3 h6 9. Be3 O-O 10.
Nd5 Bd6 11. c3 Be6 12. Bc2 Nd7 13. a4 Bc5 14. Bc1 a5 15. Qe2 Nb6 16. Rd1 Qc8 17. Kh2 Rd8 18. Bb3 Rd6 19. Nxe5 Bxd5 20. exd5 Nxe5 21.
Qxe5 Bxf2 22. Bf4 Bc5 23. Kh1 Qd7 24. Re1 Rc8 25. Rad1 Rf6 26. Qe4 Bd6 27. Bc2 g6 28. Bxh6 Rf5 29. Be3 Re8 30. Qg4 Rfe5 31. Qxd7 Nxd7 32.
Bf2 Nb6 33. Rxe5 Rxe5 34. Re1 Rxe1+ 35. Bxe1 Nxd5 36. Be4 c6 37. Bxd5 cxd5 38. Bf2 Bc7 39. Kg1 f6 40. Kf1 Kf7 41. Ke2 Ke6 42. Kd3 g5 43. g4 Kd7 44. Bd4 Bd8 45. b4 axb4 46. cxb4 Ke6 47. Kc3 Kd6 48. Kb3 Kc6 49. b5+ Kd6 50.
Kb4 b6 51. Kb3 Ke6 52. Bc3 Kd6 53. Kb4 Be7 54. Bd4 Bd8 55. Kc3 Ke6 56. Kb3 Kd7 57. Kb4 Kd6 1/2-1/2

[Event "*** Titled Tuesday Blitz"]
[Site "Chess.com"]
[Date "2019.06.04"]
[Round "2"]
[White "KRASAVCHIK2002"]
[Black "Quiet_Desperation"]
[Result "0-1"]
[WhiteElo "2278"]
[BlackElo "2447"]
[TimeControl "180+2"]
[EndTime "13:24:30 PDT"]
[Termination "Quiet_Desperation won by resignation"]

1. e4 Nc6 2. Nf3 d6 3. d4 Nf6 4. Nc3 d5 5. e5 Ne4 6. Bb5 Nxc3 7.
bxc3 e6 8. O-O Be7 9. Re1 O-O 10. Qe2 Bd7 11. Rb1 a6 12. Bd3 b5 13. a4 Na7 14.
axb5 Nxb5 15. Bd2 c5 16. Bxb5 Bxb5 17. Qe3 c4 18. Qf4 Ba4 19. Qg4 Bxc2 20. Rb2 Bf5 21. Qg3 Kh8 22. Qf4 a5 23. g4 Be4 24. Be3 f6 25. Nd2 Bd3 26. Ra1 a4 27. Qg3 a3 28. Rba2 Qa5 29. exf6 Bxf6 30. g5 Be7 31. g6 Bxg6 32. Nf3 Rxf3 33. Qxf3 Rf8 34. Qg3 Qxc3 35.
Bc1 Qxd4 36. Bxa3 Bh4 37. Bxf8 Bxg3 38. hxg3 h6 39. Ra7 c3 40. Bxg7+ Qxg7 41. Rxg7 Kxg7 42. f3 d4 43. Kf2 Kf6 44. Rc1 Ke5 45. Ke2 Kd5 46.
f4 Kc4 47. Ra1 d3+ 48. Kd1 Bh5+ 49. Kc1 d2+ 50. Kc2 d1=Q+ 51. Rxd1 Bxd1+ 52. Kxd1 Kd3 53.
g4 Ke4 54. g5 hxg5 55. fxg5 Kf5 56. Kc2 Kxg5 57. Kxc3 Kf4 58. Kd2 Kf3 59. Ke1 e5 60. Kf1 e4 61. Ke1 Ke3 62. Kf1 Kd2 63. Kf2 e3+ 64. Kf3 e2 0-1

[Event "*** Titled Tuesday Blitz"]
[Site "Chess.com"]
[Date "2019.06.04"]
[Round "2"]
[White "awesomevishesh"]
[Black "DanielMieles1985"]
[Result "0-1"]
[WhiteElo "2433"]
[BlackElo "2627"]
[TimeControl "180+2"]
[EndTime "13:24:31 PDT"]
[Termination "DanielMieles1985 won on time"]

1. d4 Nf6 2. c4 g6 3. g3 Bg7 4. Bg2 d5 5. Nf3 O-O 6. O-O Nc6 7. Nbd2 Be6 8. cxd5 Bxd5 9. e3 e5 10. Nxe5 Bxg2 11.
Kxg2 Nxe5 12. dxe5 Nd7 13. e6 fxe6 14. Nf3 Qf6 15.
e4 Ne5 16. Nxe5 Qxe5 17. Qe2 Rad8 18. Rb1 Rd4 19. f3 Rfd8 20. Be3 Rd3 21. b3 Qc3 22. Bf2 Rd2 23. Qc4 Qxc4 24. bxc4 Rxa2 25. Rfd1 Bd4 26.
Rf1 Bb6 27. Kg1 Rxf2 28. Rxf2 Rd2 29. Rxb6 Rd1+ 30. Kg2 axb6 31. Ra2 Rc1 32. Ra7 Rxc4 33. Rxb7 Kf7 34. Kf2 Ke7 35. Ke3 Kd7 36. Ra7 b5 37.
Kf4 b4 38. Ke5 Kc6 39. Kxe6 b3 40. Ra1 Kb5 41. Kd5 Rc2 42. Rb1 Kb4 43. e5 c5 44.
e6 c4 45. Re1 Rd2+ 46. Kc6 Rd8 47. e7 Ra8 48. Kd7 b2 49. e8=Q Rxe8 50. Kxe8 c3 0-1

[Event "*** Titled Tuesday Blitz"]
[Site "Chess.com"]
[Date "2019.06.04"]
[Round "2"]
[White "maciek_92"]
[Black "fastestmindalive"]
[Result "0-1"]
[WhiteElo "2674"]
[BlackElo "2810"]
[TimeControl "180+2"]
[EndTime "13:24:32 PDT"]
[Termination "fastestmindalive won by checkmate"]

1. c4 e5 2. Nc3 Nc6 3. g3 f5 4. Bg2 Nf6 5. d3 Bb4 6. Bd2 Bxc3 7. Bxc3 d6 8. Nf3 O-O 9. O-O Qe8 10. e3 a6 11. b3 Bd7 12. d4 Ne4 13. Bb2 Rd8 14.
Nd2 Nf6 15. Re1 Bc8 16. a3 Qg6 17. Nf3 Qh6 18. Qc2 Rde8 19. b4 e4 20. Nd2 Ng4 21.
Nf1 Nd8 22. Qe2 Nf7 23. h3 Nf6 24. Nh2 g5 25. d5 Ne5 26. Bxe5 Rxe5 27. Qd2 Kh8 28.
Rac1 Rg8 29. Qb2 f4 30. g4 f3 31. Bf1 Qh4 32. c5 h5 33. cxd6 cxd6 34. Rxc8 Rxc8 35.
Rc1 Rg8 36. Rc7 hxg4 37. Qc3 gxh3 38. Rc8 Qh7 39. Rxg8+ Qxg8 40. Qc7 Rxd5 41. Qxb7 g4 42. Qe7 Qg7 43. Qe6 g3 44. Qxh3+ Rh5 45. Qc8+ Kh7 46. Bh3 gxh2+ 47. Kxh2 Qg2# 0-1

[Event "*** Titled Tuesday Blitz"]
[Site "Chess.com"]
[Date "2019.06.04"]
[Round "2"]
[White "PawnEatingZombie"]
[Black "Rakesh"]
[Result "0-1"]
[WhiteElo "2153"]
[BlackElo "2267"]
[TimeControl "180+2"]
[EndTime "13:24:32 PDT"]
[Termination "Rakesh won by resignation"]

1. d4 c5 2. d5 e5 3. e4 d6 4. Bb5+ Nd7 5. a4 g6 6. f4 Bg7 7.
Nf3 exf4 8. O-O a6 9. Bxd7+ Qxd7 10. Nbd2 Rb8 11. a5 Nf6 12. Nc4 O-O 13. Bxf4 Nxe4 14. c3 Re8 15. Nfd2 Nxd2 16. Qxd2 Bf8 17. Rae1 Rxe1 18.
Rxe1 Qd8 19. Qd3 Bf5 20. Qg3 h5 21. Bxd6 h4 22. Qe5 Bg7 23. Qe7 Qxe7 24. Bxe7 Bd3 25. Nb6 Bf8 26. d6 Bxe7 27. Rxe7 Rd8 28. d7 Kf8 29. Re5 Bb5 30. Rxc5 Bxd7 31. Rd5 Ke7 32. Rd4 Be6 33. Rxh4 Rd1+ 34. Kf2 Rd2+ 35. Kg3 Rxb2 36.
Rd4 Rb3 37. Rd3 Ra3 38. h4 Rxa5 39. c4 Rc5 40. Nd5+ Bxd5 41. cxd5 Kd6 42. Kf4 f6 43. g4 Rc4+ 44. Kf3 b5 45. Ra3 Ra4 46. Re3 b4 47.
Re8 b3 48. Rd8+ Kc7 49. Re8 b2 0-1

[Event "*** Titled Tuesday Blitz"]
[Site "Chess.com"]
[Date "2019.06.04"]
[Round "2"]
[White "Haykos"]
[Black "JoachimMouhamad"]
[Result "1-0"]
[WhiteElo "2590"]
[BlackElo "2335"]
[TimeControl "180+2"]
[EndTime "13:24:33 PDT"]
[Termination "Haykos won by resignation"]

1. e4 c5 2. Nf3 Nc6 3. Bb5 g6 4. Bxc6 dxc6 5. h3 Bg7 6. d3 Nf6 7. Nc3 Nd7 8. Be3 e5 9. Qd2 b6 10. O-O-O Nf8 11. Bh6 Bxh6 12. Qxh6 Ne6 13. Nxe5 Qf6 14.
Ng4 Qf4+ 15. Qxf4 Nxf4 16. Ne3 O-O 17. Kd2 Be6 18. Ne2 Nxe2 19. Kxe2 f5 20. exf5 gxf5 21. f4 Rae8 22. Kf2 Re7 23. Rhe1 Rfe8 24. a3 Kg7 25. g4 Kf6 26. Nxf5 Bxf5 27. Rxe7 Rxe7 28. gxf5 Kxf5 29. Kf3 h6 30. Rg1 Re8 31. h4 Re7 32. h5 Re8 33. Rg6 Re1 34. Rxh6 Rf1+ 35. Ke2 Rxf4 36.
Rxc6 Rh4 37. h6 Ke5 38. Kd2 Kd5 39. Rg6 Kd4 40. Rd6+ Ke5 41. Rd7 Rxh6 42. Rxa7 Rh2+ 43. Kc3 Kd5 44. Rg7 Kc6 45. b4 Kb5 46. Kb3 Rh6 47. Rc7 cxb4 48. axb4 Ka6 49. c4 b5 50. c5 Rh1 51. Rc6+ Ka7 52. Rb6 Rb1+ 53. Kc3 Rc1+ 54. Kd4 1-0

[Event "*** Titled Tuesday Blitz"]
[Site "Chess.com"]
[Date "2019.06.04"]
[Round "2"]
[White "Rhinos1"]
[Black "Shivagami"]
[Result "0-1"]
[WhiteElo "2088"]
[BlackElo "2088"]
[TimeControl "180+2"]
[EndTime "13:24:33 PDT"]
[Termination "Shivagami won by resignation"]

1. e4 e5 2. Nf3 Nc6 3. Bc4 Nf6 4. d3 Be7 5. O-O O-O 6. c3 d6 7. h3 Na5 8. Bb3 Nxb3 9. axb3 c6 10. Bg5 h6 11.
Bh4 Nh5 12. Bxe7 Qxe7 13. Nh2 Nf4 14. Qf3 f5 15. Nd2 fxe4 16. Qxe4 d5 17. Qe3 Qg5 18. g4 d4 19. cxd4 exd4 20. Qf3 Qh4 21. Kh1 Nxh3 22.
Qg3 Nxf2+ 23. Kg2 Qxg3+ 24. Kxg3 Nxd3 25. Rxf8+ Kxf8 26. Rf1+ Ke7 27. Nhf3 c5 28. Nh4 Be6 29. Ng6+ Kd6 30. Rf3 Nxb2 31. Rf2 Nd1 32. Re2 Nc3 33. Rf2 Re8 34. Nf4 Bxb3 35. Nxb3 Ne4+ 36. Kf3 Nxf2 37.
Kxf2 g5 38. Nd3 c4 39. Nxd4 cxd3 40. Nf5+ Kd5 41. Nxh6 d2 42. Ng8 d1=Q 43. Nf6+ Kd4 44. Nxe8 Qd2+ 45. Kf3 Qd3+ 46. Kg2 Qe2+ 47. Kg3 Qxe8 48.
Kh2 Ke3 49. Kh3 0-1

[Event "*** Titled Tuesday Blitz"]
[Site "Chess.com"]
[Date "2019.06.04"]
[Round "2"]
[White "slowdgehammer"]
[Black "Obito24"]
[Result "0-1"]
[WhiteElo "2374"]
[BlackElo "2741"]
[TimeControl "180+2"]
[EndTime "13:24:35 PDT"]
[Termination "Obito24 won by resignation"]

1. e4 c5 2. Nc3 e6 3. f4 d5 4. Nf3 dxe4 5. Nxe4 Nf6 6. Bb5+ Bd7 7. Qe2 Nxe4 8. Bxd7+ Qxd7 9. Qxe4 Qd5 10. d3 Nc6 11. a3 Be7 12. O-O O-O 13. Be3 f5 14. Qxd5 exd5 15. Rae1 Rae8 16. Re2 Bf6 17. Rfe1 d4 18. Bd2 Rxe2 19. Rxe2 Kf7 20. Kf2 b5 21. h3 c4 22. g4 g6 23. g5 Bg7 24.
h4 a5 25. h5 a4 26. h6 Bh8 27. Bb4 Nxb4 28. axb4 c3 29. bxc3 dxc3 30. Re1 Ra8 31. Ra1 Ke6 32. Ra3 Kd5 33. Ke3 Re8+ 34. Kf2 Bd4+ 35. Nxd4 Kxd4 36. Kf3 Re3+ 37. Kf2 Rh3 38. Kg2 Rh4 39. Kg3 Rh1 40. Kf2 Rb1 41. Ra2 Rb2 42. Ra1 Rxc2+ 43. Kf3 Rd2 44. Re1 c2 0-1

[Event "*** Titled Tuesday Blitz"]
[Site "Chess.com"]
[Date "2019.06.04"]
[Round "2"]
[White "FERNANDEZL1983"]
[Black "1g41-0"]
[Result "0-1"]
[WhiteElo "2410"]
[BlackElo "2505"]
[TimeControl "180+2"]
[EndTime "13:24:37 PDT"]
[Termination "1g41-0 won by resignation"]

1. e4 c5 2. Nf3 d6 3. d4 cxd4 4.
Nxd4 Nf6 5. Nc3 a6 6. Be3 e5 7. Nb3 Be7 8. f3 Be6 9. g4 d5 10. g5 d4 11. gxf6 Bxf6 12. Bf2 dxc3 13. Qxd8+ Bxd8 14. bxc3 Nd7 15. c4 Rc8 16. O-O-O Bxc4 17. Bxc4 Rxc4 18.
Rd5 Bg5+ 19. Kb2 Rc7 20. Rhd1 Bf6 21. Be1 Nb6 22. R5d3 O-O 23. Bb4 Rfc8 24. c3 Nc4+ 25. Ka1 b6 26. Nd2 a5 27. Nxc4 Rxc4 28. Ba3 Rxc3 29.
Bb2 Rxd3 30. Rxd3 Rc6 31. a4 g6 32. Ba3 Kg7 33. Rd6 Rxd6 34. Bxd6 Bd8 35. Ka2 f6 36. Kb3 Kf7 37. Kc4 Ke6 38. Bf8 Kd7 39. Kd5 h5 40.
Bh6 Bc7 41. Be3 f5 42. h3 f4 43.
Bd2 g5 44. Bc3 h4 45. Be1 Bd6 46. Bc3 Kc7 47. Ke6 Kc6 48. Kf5 Kc5 49. Kxg5 Kc4 50.
Be1 Kb3 51. Kxh4 Kxa4 52. Kg5 Kb3 53. h4 a4 54. h5 Bf8 55. Kg6 a3 56. Bh4 a2 57.
Bf6 a1=Q 58. h6 Bxh6 0-1

[Event "*** Titled Tuesday Blitz"]
[Site "Chess.com"]
[Date "2019.06.04"]
[Round "2"]
[White "FMJoseHerrera"]
[Black "gena217"]
[Result "0-1"]
[WhiteElo "2623"]
[BlackElo "2911"]
[TimeControl "180+2"]
[EndTime "13:24:38 PDT"]
[Termination "gena217 won on time"]

1. Nf3 d5 2. g3 Nd7 3. Bg2 e5 4. O-O Ngf6 5. c4 dxc4 6. Qa4 Bd6 7. Qxc4 O-O 8. d3 c6 9. Qc2 a5 10. Nbd2 h6 11. b3 Re8 12. Bb2 Nb6 13. e4 a4 14.
Rfd1 Bg4 15. h3 Be6 16. Nc4 Nxc4 17. dxc4 Qe7 18. Nxe5 Bxh3 19. Nxc6 bxc6 20. Bxh3 Nxe4 21. Bg2 Bc5 22. Bd4 axb3 23. Qxe4 Qxe4 24. Bxe4 Rxe4 25. Bxc5 Rxc4 26. Bd4 bxa2 27. Rd2 Rd8 28. Be3 Rxd2 29. Bxd2 Rc2 30. Be3 g5 31. g4 Kh7 32. Kg2 Kg6 33. Kf3 f5 34. gxf5+ Kxf5 35. Bb6 h5 36. Ke3 c5 37.
Kd3 Rxf2 38. Bxc5 Rg2 39. Be3 h4 40. Rf1+ Kg4 41. Ke4 h3 42. Bd4 h2 43. Rh1 Kh3 44. Kf3 g4+ 45. Kf4 g3 46. Kf3 Rd2 47. Be5 Rf2+ 48. Ke3 Kg2 49. Bxg3 Kxh1 0-1

[Event "*** Titled Tuesday Blitz"]
[Site "Chess.com"]
[Date "2019.06.04"]
[Round "2"]
[White "DivyaDeshmukh23"]
[Black "nailbeshirli"]
[Result "0-1"]
[WhiteElo "2382"]
[BlackElo "2655"]
[TimeControl "180+2"]
[EndTime "13:24:38 PDT"]
[Termination "nailbeshirli won by resignation"]

1. e4 b6 2. d4 Bb7 3. Bd3 e6 4. Nf3 Ne7 5. O-O g6 6. Bf4 Bg7 7. c3 O-O 8. Nbd2 d6 9. Qe2 Nd7 10. Rae1 e5 11. Bg3 Kh8 12. d5 h6 13. Nh4 g5 14.
Nhf3 f5 15. exf5 Bxd5 16. c4 Bb7 17. h4 Nxf5 18. hxg5 Nc5 19. gxh6 Bxh6 20. Bxf5 Rxf5 21. Nh4 Rg5 22. b4 Ne6 23. Ne4 Bxe4 24. Qxe4 Qg8 25. Qd5 Rf8 26. Nf3 Rgf5 27. Qe4 Nf4 28. c5 d5 29. Qc2 e4 30. Nh4 Rg5 31. Qc3+ Kh7 32. cxb6 cxb6 33. Qc7+ Rf7 34. Qd6 Nh5 35. Rd1 Bf8 36.
Qc6 Rf6 37. Qd7+ Rf7 38. Qh3 Bxb4 39. Bh2 Bc5 40. Kh1 Rf6 41. g3 Qf7 42. Ng2 Rh6 43. Qc8 Nf6 44. Nh4 Ng4 45. Qd8 Rxh4 46. gxh4 Qf3+ 47.
Kg1 Bxf2+ 0-1

[Event "*** Titled Tuesday Blitz"]
[Site "Chess.com"]
[Date "2019.06.04"]
[Round "2"]
[White "Mischuk_D"]
[Black "Gordima"]
[Result "0-1"]
[WhiteElo "2698"]
[BlackElo "2762"]
[TimeControl "180+2"]
[EndTime "13:24:42 PDT"]
[Termination "Gordima won by checkmate"]

1. d4 Nf6 2. c4 g6 3. Nc3 Bg7 4.
e4 d6 5. Bd3 Nc6 6. Nge2 Nd7 7.
Be3 e5 8. d5 Nd4 9. Nb5 Nxe2 10.
Bxe2 a6 11. Na7 O-O 12. Nxc8 Rxc8 13. O-O f5 14. f3 Nf6 15. Qc2 Nh5 16. Rfd1 Nf4 17.
Bf1 Qf6 18. g3 Nh5 19. Bh3 Rce8 20. Rf1 f4 21. Bf2 fxg3 22. Bxg3 Bh6 23. Be6+ Kh8 24. Kh1 Be3 25. Qg2 c5 26. Rab1 b5 27. b3 Rb8 28.
Qe2 Bd4 29. b4 cxb4 30. Rxb4 Bc5 31. Rb3 b4 32. Bg4 Nf4 33. Bxf4 Qxf4 34. Qg2 a5 35. Bd7 Rf7 36. Bc6 Rbf8 37. Qg3 Qd2 38. Qg2 Qh6 39. Qg3 Rf4 40. Rb2 Qg7 41. Qh3 Qf6 42. Kg2 Rxe4 43. Rc2 Rf4 44. Bb5 e4 45. Kh1 exf3 46. Bd7 f2 47.
Re2 Rxc4 48. Re6 Qf3+ 49. Qxf3 Rxf3 50. Kg2 Rf7 51. Re8+ Kg7 52. Be6 Rf6 53. Re7+ Kh6 54. Bg8 Rg4+ 55. Kh3 Kg5 56. Rxh7 Rf3# 0-1

[Event "*** Titled Tuesday Blitz"]
[Site "Chess.com"]
[Date "2019.06.04"]
[Round "2"]
[White "PowerThinking2650"]
[Black "Farrukh_Amonatov"]
[Result "0-1"]
[WhiteElo "2371"]
[BlackElo "2813"]
[TimeControl "180+2"]
[EndTime "13:24:47 PDT"]
[Termination "Farrukh_Amonatov won by resignation"]

1. e4 c5 2. Nf3 d6 3. d4 cxd4 4. Nxd4 Nf6 5. Nc3 a6 6. Be3 e5 7. Nb3 Be7 8. f3 Be6 9. Qd2 O-O 10. O-O-O Nbd7 11. g4 b5 12. g5 Nh5 13. Rg1 Rc8 14. Nd5 Bxd5 15. exd5 f5 16. gxf6 Bxf6 17. Na5 Nf4 18.
Nc6 Qe8 19. Bxf4 exf4 20. Bh3 Rc7 21. Qa5 Rb7 22. Bxd7 Rxd7 23. Rge1 Qh5 24. Qxa6 Qxf3 25. Qxb5 Qh3 26. a4 f3 27. a5 f2 28. Rf1 Qxh2 29.
a6 h5 30. a7 Qg3 31. Qb8 Rxa7 32. Qxa7 h4 33. Ne7+ Kh8 34. Qxf2 Bg5+ 35. Qd2 Bxd2+ 36. Kxd2 Qg5+ 37. Kd3 Rxf1 38. Rxf1 Qxe7 39. Rf5 g6 40. Rf4 g5 41. Re4 Qh7 42. Ke3 Qf5 43. c4 h3 44.
Re6 Kg7 45. Rxd6 Qe5+ 46. Kd3 Qxd6 47. b3 h2 0-1

[Event "*** Titled Tuesday Blitz"]
[Site "Chess.com"]
[Date "2019.06.04"]
[Round "2"]
[White "KNVB"]
[Black "IIIlllII1llIl"]
[Result "1-0"]
[WhiteElo "2703"]
[BlackElo "2765"]
[TimeControl "180+2"]
[EndTime "13:24:48 PDT"]
[Termination "KNVB won by resignation"]

1. c4 g6 2. d4 Nf6 3. Nc3 Bg7 4. e4 d6 5. f3 O-O 6. Be3 c5 7. dxc5 dxc5 8. Qxd8 Rxd8 9. Bxc5 Nc6 10.
Nd5 Nd7 11. Bxe7 Nxe7 12. Nxe7+ Kf8 13. Nd5 Bxb2 14. Rb1 Bd4 15. Ne2 Bc5 16. Nef4 Ne5 17. Nd3 Nxd3+ 18. Bxd3 b6 19. Ke2 Bb7 20. Rhd1 Rac8 21.
h4 Ba6 22. Nb4 Bb7 23. Nd5 h5 24. f4 Be7 25. g3 Rc5 26. Nxe7 Kxe7 27. Rb5 Rdc8 28.
Ke3 Ba6 29. Rxc5 Rxc5 30. Kd4 Ra5 31. Rd2 Ra4 32. Kc3 Ra5 33. Kb4 Rc5 34. Be2 Bb7 35. e5 Bc6 36. Rd6 Be8 37. Bd1 Bc6 38. Rd4 Ke8 39. Bb3 Ke7 40. Rd6 Ke8 41. Rxc6 Rxc6 42. Ba4 Kd7 43. Kc3 Kc7 44. Bxc6 Kxc6 45. Kd4 Kc7 46.
Kd5 Kd7 47. c5 bxc5 48. Kxc5 Ke6 49. Kb5 Kf5 50. Ka6 g5 51. fxg5 Kg4 52. e6 1-0

[Event "*** Titled Tuesday Blitz"]
[Site "Chess.com"]
[Date "2019.06.04"]
[Round "2"]
[White "velemajstor767276"]
[Black "GMsKoRPioN"]
[Result "1-0"]
[WhiteElo "2517"]
[BlackElo "2552"]
[TimeControl "180+2"]
[EndTime "13:24:49 PDT"]
[Termination "velemajstor767276 won by checkmate"]

1. d4 d6 2. c4 g6 3. Nc3 Bg7 4. e4 Nf6 5. Nge2 O-O 6. Ng3 c5 7. d5 e6 8. Be2 exd5 9. exd5 Re8 10. O-O Nbd7 11. Bg5 h6 12. Bf4 Qb6 13. Qd2 h5 14.
Bg5 Ne5 15. Bxf6 Bxf6 16. f4 Nd7 17. f5 Bd4+ 18. Kh1 Nf6 19. fxg6 fxg6 20. Qg5 Qc7 21.
Rxf6 Bxf6 22. Qxg6+ Kf8 23. Bxh5 Qe7 24. Rf1 Bf5 25.
Rxf5 Qg7 26. Qxf6+ Qxf6 27. Rxf6+ Kg7 28. Rf7+ Kh6 29. Nce4 Re5 30. Rf6+ Kg7 31. Rxd6 Rf8 32. h3 Rf4 33. Rd7+ Kh6 34. Rxb7 Rfxe4 35. Nxe4 Kxh5 36. Nxc5 Re1+ 37. Kh2 Rd1 38. Rxa7 Kg6 39. Re7 Kf5 40. Re3 Kf6 41. a4 Ra1 42. d6 Rd1 43. d7 Kf5 44.
Rd3 Re1 45. d8=Q Re5 46. Rd5 Kf4 47. Rxe5 Kxe5 48. Qd5+ Kf4 49. Qe4+ Kg5 50. Nd3 Kf6 51. Qe5+ Kg6 52. Nf4+ Kh6 53. Qf6+ Kh7 54. Qf7+ Kh6 55. Qg6# 1-0

[Event "*** Titled Tuesday Blitz"]
[Site "Chess.com"]
[Date "2019.06.04"]
[Round "2"]
[White "GrigorGrigorov"]
[Black "attack2mateU"]
[Result "0-1"]
[WhiteElo "2737"]
[BlackElo "2715"]
[TimeControl "180+2"]
[EndTime "13:24:54 PDT"]
[Termination "attack2mateU won by resignation"]

1. Nf3 c5 2. e4 d6 3. Bb5+ Bd7 4.
a4 Nf6 5. Nc3 a6 6. Bxd7+ Qxd7 7. e5 dxe5 8. Nxe5 Qe6 9. Qe2 Nc6 10.
Nxc6 Qxc6 11. O-O g6 12. d3 Bg7 13. Re1 O-O 14. a5 Rfe8 15. Ra4 Nd5 16. Nxd5 Qxa4 17. Nc7 e6 18. Nxa8 Rxa8 19. Qd2 Rc8 20. g3 Bf6 21. Kg2 Bd8 22. Re4 Qxa5 23. Qf4 Qc7 24. Qf3 Qc6 25.
g4 f5 26. gxf5 gxf5 27. Re1 Bf6 28. Qxc6 Rxc6 29. b3 Kf7 30. Kf3 Rc8 31. Bf4 Rg8 32. Bd6 Be7 33. Be5 h5 34. h3 Rd8 35. Rg1 Bf6 36. Bxf6 Kxf6 37. h4 Rd4 38. Rg8 Rxh4 39. Rc8 b6 40. c3 Rh1 41. Rc6 Rc1 42. c4 Rc3 43. Rxb6 Rxd3+ 44. Ke2 Rh3 45. Rxa6 Rxb3 46. Rc6 Ke5 47. Rxc5+ Kf4 48. Rc6 Rb2+ 49. Kd3 e5 50.
Rh6 Kg5 51. Re6 Kf4 52. c5 Rxf2 53. c6 e4+ 54. Kc3 Rg2 55. c7 Rg8 56. Re7 Kf3 57. Kd4 Rc8 58. Rh7 f4 59. Ke5 e3 60. Rxh5 e2 61. Rh1 Rxc7 0-1